 Dungeon Crawl Stone Soup version 0.28-a0-21-gf74fda84f9 (webtiles) character file.

Game seed: 4358001864297850098

6391 robertstho the Carver (level 10, -11/85 HPs)
             Began as a Barachi Berserker on July 26, 2021.
             Was a High Priest of Trog.
             Shot with a bolt by an orc knight (27 damage)
             ... on level 10 of the Dungeon.
             The game lasted 00:15:56 (10444 turns).

robertstho the Carver (Barachi Berserker)          Turns: 10444, Time: 00:15:56

Health: -11/85     AC: 22    Str: 22    XL:     10   Next: 97%
Magic:  10/10      EV: 13    Int:  8    God:    Trog [*****.]
Gold:   759        SH: 11    Dex: 11    Spells: 9/9 levels left

rFire   + + .      SeeInvis .   L - +1 scimitar (elec)
rCold   x . .      Faith    .   G - +1 kite shield {reflect}
rNeg    . . .      Spirit   .   F - +0 fire dragon scales
rPois   .          Reflect  +   a - +2 hat
rElec   .          Harm     .   J - +0 cloak
rCorr   .          Rampage  .   n - +0 pair of gloves
Will    .....                   j - +0 pair of boots
Stlth   ..........              (no amulet)
HPRegen 0.24/turn               f - +4 ring of evasion
MPRegen 0.12/turn               v - +4 ring of protection

@: unable to hop, on berserk cooldown, slowed, very slow
A: amphibious, slowness 1, strong legs 1, +LOS
a: Hop, Renounce Religion, Berserk, Trog's Hand, Brothers in Arms


You were on level 10 of the Dungeon.
You worshipped Trog.
Trog was extremely pleased with you.
You visited 1 branch of the dungeon, and saw 10 of its levels.
You also visited: Sewer.

You collected 759 gold pieces.

Inventory:

Hand Weapons
 y - a +0 long sword
 L - a +1 scimitar of electrocution (weapon)
Missiles
 x - 3 boomerangs of dispersal
Armour
 a - a +2 hat (worn)
 j - a +0 pair of boots (worn)
 n - a +0 pair of gloves (worn)
 u - a +0 plate armour
 F - +0 fire dragon scales (worn)
 G - a +1 kite shield of reflection (worn)
 J - a +0 cloak (worn)
Jewellery
 f - a +4 ring of evasion (left hand)
 i - a ring of protection from cold
 v - a +4 ring of protection (right hand)
 H - a ring of resist corrosion
 M - an amulet of magic regeneration
Wands
 z - a wand of mindburst (5)
 C - a wand of paralysis (27)
 I - a wand of digging (1)
 K - a wand of polymorph (17)
Scrolls
 b - 3 scrolls of teleportation
 c - 2 scrolls of enchant weapon
 e - a scroll of blinking
 k - 2 scrolls of enchant armour {unknown}
 o - a scroll of fog {unknown}
 p - a scroll of torment {unknown}
 r - 2 scrolls of identify
 t - 3 scrolls of magic mapping {unknown}
 w - a scroll of amnesia {unknown}
 A - 3 scrolls of immolation
Potions
 g - 7 potions of heal wounds {unknown}
 h - 2 potions of might {unknown}
 l - 4 potions of degeneration {unknown}
 m - 3 potions of flight {unknown}
 q - a potion of resistance {unknown}
 s - a potion of lignification {unknown}
 B - a potion of mutation {unknown}
 D - a potion of cancellation {unknown}
 E - 2 potions of brilliance {unknown}


   Skills:
 * Level 10.2 Fighting
 + Level 11.2 Long Blades
 * Level 10.5 Armour
 + Level 4.5 Dodging
 + Level 1.0 Stealth
 + Level 5.6 Shields
 + Level 0.4 Evocations


You had 9 spell levels left.
You didn't know any spells.
Your spell library was empty.

Dungeon Overview and Level Annotations

Branches:
Dungeon (10/15)            Temple (0/1) D:7           Sewer (visited)
   Lair: D:8-11         Orc: D:9-12

Altars:
Cheibriados
Dithmenos
Elyvilon
Gozag
Nemelex Xobeh
Okawaru
Ru
Sif Muna
Wu Jian
Xom
Yredelemnul
Zin
The Shining One

Shops:
D:3 :


Innate Abilities, Weirdness & Mutations

You are amphibious.
You cover ground slowly.
You can hop short distances.
You have an extended range of vision and can be seen from far away.


Message History

A gargoyle comes into view. It is wielding a +2 mace of holy wrath.
The orc knight shoots a bolt.
You reflect the bolt off your +1 kite shield of reflection!
The bolt misses the orc knight.
The gargoyle hurls a stone arrow at you.
The stone arrow misses you.
The orc knight shoots a bolt.
The bolt misses you.
The gargoyle hurls a stone arrow at you.
Your +1 kite shield of reflection reflects the stone arrow!
The stone arrow misses the gargoyle.
The orc knight shoots a bolt.
You reflect the bolt off your +1 kite shield of reflection!
The bolt hits the orc knight!
The gargoyle hurls a stone arrow at you.
The stone arrow hits you!!
Unknown command.
Hop to where?
Press: ? - help, Dir - move target Boing!
The gargoyle hurls a stone arrow at you.
The stone arrow misses you.
The gargoyle hurls a stone arrow at you.
Your +1 kite shield of reflection reflects the stone arrow!
The stone arrow hits the gargoyle!
The gargoyle hurls a stone arrow at you.
The stone arrow misses you.
You open the door.
The orc knight shoots a bolt.
The bolt barely misses you.
The gargoyle hurls a stone arrow at you.
The stone arrow hits you!
* * * LOW HITPOINT WARNING * * *
The orc knight shoots a bolt.
The bolt hits you!
* * * LOW HITPOINT WARNING * * *
Found a scroll labelled COADGHUZ YNGO.
There is an open door, spattered with blood here.
The orc knight shoots a bolt.
The bolt closely misses you.
The gargoyle hurls a stone arrow at you.
The stone arrow misses you.
The orc knight shoots a bolt.
The bolt hits you.
* * * LOW HITPOINT WARNING * * *
Found 2 curare-tipped darts.
You feel better.
The orc knight shoots a bolt.
The bolt hits you!!
You die...

....................)###...
.................o## #
##+##........Do.....##
#..†#.........#####.#
#...†.........+ ..#
#..†#.........# ...#
###'#.........# .##..
########.########'###..###
......<....#....@.........
...........#........#?..#.
...........#.......## ##
########..########..# #..#
.... .... ..#.. ......
.###.# ##..### .. ..# #..#
.(


You could see an orc knight and a steam dragon.

Vanquished Creatures
  A centaur warrior (D:10)
  Pikel (D:9)
  A troll (D:10)
  A hornet (D:9)
  A wraith (D:10)
  A yak (D:10)
  2 steam dragons
  Grum (D:8)
  Duvessa (D:7)
  A black bear (D:8)
  3 orc warriors
  An ogre (D:7)
  2 necrophages (D:5)
  2 wolves (D:8)
  2 centaurs
  A phantom (D:6)
  A gnoll sergeant (D:5)
  Blork the orc (D:5)
  3 bullfrogs
  Dowan (D:7)
  3 scorpions
  A wyvern skeleton (D:7)
  7 killer bees (D:10)
  A wight (D:10)
  5 howler monkeys
  4 centaur zombies
  A bullfrog zombie (D:7)
  A hound (D:4)
  Crazy Yiuf (D:7)
  7 orc priests
  A jelly (D:5)
  A bullfrog skeleton (D:6)
  A gnoll shaman (D:6)
  Natasha (D:3)
  3 iguanas
  5 orc wizards
  Ijyb (D:5)
  Robin (D:2)
  A howler monkey skeleton (D:5)
  6 gnolls
  10 adders
  A white imp (D:6)
  A worm (D:2)
  5 dart slugs
  17 orcs
  17 ball pythons
  14 endoplasms
  9 giant cockroaches
  14 goblins
  12 hobgoblins
  21 jackals
  9 kobolds
  8 quokkas
  4 bats
  16 frilled lizards
  7 rats
245 creatures vanquished.

Vanquished Creatures (collateral kills)
  The ghost of bande the Chopper, a novice GrFi (D:7)
  A cyclops (D:7)
2 creatures vanquished.

Vanquished Creatures (others)
  4 plants (D:3)
4 creatures vanquished.

Grand Total: 251 creatures vanquished

Notes
Turn   | Place    | Note
-------+----------+-------------------------------------------
     0 | D:1      | robertstho the Barachi Berserker began the quest for the
                  | Orb.
     0 | D:1      | Reached XP level 1. HP: 18/18 MP: 1/1
   243 | D:1      | Reached XP level 2. HP: 25/25 MP: 2/2
   703 | D:1      | Reached skill level 4 in Long Blades
   850 | D:1      | Reached XP level 3. HP: 27/31 MP: 3/3
  1279 | D:2      | Reached ** piety under Trog
  1715 | D:2      | Reached XP level 4. HP: 35/38 MP: 4/4
  1742 | D:2      | Noticed Robin
  1779 | D:2      | Killed Robin
  1780 | D:2      | Reached skill level 5 in Fighting
  2296 | D:2      | Reached XP level 5. HP: 41/44 MP: 5/5
  2378 | D:2      | Found a faded altar of an unknown god.
  2823 | D:3      | Reached *** piety under Trog
  2953 | D:3      | Found Bixzeb's Book Boutique.
  3276 | D:3      | Noticed Natasha
  3293 | D:3      | Killed Natasha
  3695 | D:4      | Reached skill level 1 in Shields
  3695 | D:4      | Reached XP level 6. HP: 43/51 MP: 6/6
  3761 | D:4      | Reached skill level 5 in Long Blades
  4332 | D:5      | Entered Level 5 of the Dungeon
  4612 | D:5      | Reached XP level 7. HP: 49/58 MP: 7/7
  4659 | D:5      | Reached **** piety under Trog
  4660 | D:5      | Reached skill level 5 in Armour
  4882 | D:5      | Reached skill level 6 in Long Blades
  5135 | D:5      | Noticed Blork the orc
  5148 | D:5      | Killed Blork the orc
  5149 | D:5      | Reached XP level 8. HP: 67/67 MP: 8/8
  5207 | D:5      | Noticed Ijyb
  5222 | D:5      | Killed Ijyb
  5317 | D:5      | Found a glowing golden altar of the Shining One.
  5319 | D:5      | Found a shadowy altar of Dithmenos.
  5323 | D:5      | Found an ornate altar of the Wu Jian Council.
  5536 | D:6      | Reached skill level 7 in Long Blades
  5577 | D:6      | Found a glowing drain.
  5601 | Sewer    | Entered a sewer
  5825 | Sewer    | Reached ***** piety under Trog
  6689 | D:6      | Reached skill level 8 in Long Blades
  6873 | D:7      | Noticed Duvessa
  6887 | D:7      | Killed Duvessa
  6899 | D:7      | Noticed Dowan
  6949 | D:7      | Killed Dowan
  6950 | D:7      | Reached XP level 9. HP: 74/74 MP: 9/9
  7019 | D:7      | Found a staircase to the Ecumenical Temple.
  7074 | D:7      | Found a runed translucent door.
  7074 | D:7      | Noticed bande's ghost (novice GrFi)
  7074 | D:7      | Noticed a cyclops
  7178 | D:7      | Found a runed translucent door.
  7251 | D:7      | Found a glowing silver altar of Zin.
  7298 | D:7      | Found an opulent altar of Gozag.
  7408 | D:7      | Found an iron altar of Okawaru.
  7470 | D:7      | Noticed Crazy Yiuf
  7609 | D:7      | Killed Crazy Yiuf
  8054 | D:7      | Killed bande's ghost
  8055 | D:7      | Reached skill level 9 in Long Blades
  8055 | D:7      | Killed a cyclops
  8063 | D:7      | Identified a scroll of acquirement
  8064 | D:7      | Acquired a +1 kite shield of reflection
  8188 | D:8      | Noticed Grum
  8544 | D:8      | Reached skill level 10 in Long Blades
  8545 | D:8      | Reached skill level 1 in Stealth
  8630 | D:8      | HP: 3/75 [poisoned by Grum]
  8933 | D:8      | Killed Grum
  8934 | D:8      | Reached XP level 10. HP: 64/83 MP: 10/10
  9514 | D:9      | Noticed Pikel
  9528 | D:9      | Killed Pikel
  9590 | D:9      | Found a sparkling altar of Nemelex Xobeh.
  9595 | D:9      | Found a basalt altar of Yredelemnul.
  9602 | D:9      | Found a shimmering altar of Xom.
  9608 | D:9      | Found a sacrificial altar of Ru.
  9618 | D:9      | Found a white marble altar of Elyvilon.
  9624 | D:9      | Found a shimmering blue altar of Sif Muna.
  9635 | D:9      | Found a snail-covered altar of Cheibriados.
  9667 | D:9      | Paralysed by a hornet for 2 turns
  9809 | D:9      | Reached skill level 5 in Shields
 10348 | D:10     | Entered Level 10 of the Dungeon
 10397 | D:10     | Reached skill level 10 in Fighting
 10401 | D:10     | Noticed a centaur warrior
 10405 | D:10     | Killed a centaur warrior
 10406 | D:10     | Reached skill level 11 in Long Blades
 10406 | D:10     | Reached skill level 10 in Armour
 10429 | D:10     | Noticed an orc knight
 10435 | D:10     | Noticed a gargoyle
 10444 | D:10     | Shot with a bolt by an orc knight

Illustrated notes

Levels and vault maps discovered:
D:1:      tarquinn_simple_flora_water_f, layout_loops_corners
D:2:      layout_basic, hellmonk_ecumenical_altar_leap_of_faith, uniq_robin
D:3:      layout_loops_ring, serial_shops, shop, serial_bayou_pond_d,
          uniq_natasha
D:4:      layout_rooms
D:5:      layout_cave_pools, grunt_temple_overflow_open,
          small_statue_intersection, minmay_misc_feat_cross, uniq_blork_the_orc,
          uniq_ijyb
D:6:      layout_basic, portal_sewer_entry_d, bh_walls_and_bars
D:7:      lemuel_ice_spiral_2, layout_basic,
          pdpol_temple_overflow_zin_treasury_gozag_greed, okawaru_gym_becter,
          temple_statues, ebering_ghost_inner_flame, kennysheep_cluttered_room,
          hangedman_decor_opposing, uniq_crazy_yiuf_cottage, uniq_duvessa
D:8:      layout_rooms, uniq_grum
D:9:      layout_roguey, grunt_temple_overflow_octagram, uniq_pikel
D:10:     cheibrodos_barr_body, layout_gridville, bloody_trog, vehumet_crystals,
          orc_0_dummy, nicolae_trove_entry_diagonal

Skill      XL: |  1  2  3  4  5  6  7  8  9 10 |
---------------+-------------------------------+-----
Fighting       | 4 5 6 7 9 10 | 10.2
Long Blades    | 4 5 6 8 10 11 | 11.2
Armour         | 3 4 5 7 8 10 | 10.5
Shields        | 1 2 3 4 5 |  5.6
Dodging        | 3 4 |  4.5
Stealth        | 1 |  1.0
Evocations     | |  0.4

Action                   |  1- 3 |  4- 6 |  7- 9 | 10-12 || total
-------------------------+-------+-------+-------+-------++-------
Melee: Falchion          |   139 |   240 |    88 |       ||   467
       Long sword        |       |       |   344 |    82 ||   426
       Scimitar          |       |       |       |    52 ||    52
Invok: Berserk           |       |     4 |    14 |     7 ||    25
       Trog's Hand       |       |       |     4 |       ||     4
       Brothers in Arms  |       |       |     1 |       ||     1
 Abil: Hop               |       |       |     1 |     1 ||     2
Evoke: Wand              |       |       |     2 |       ||     2
  Use: Scroll            |       |     2 |     6 |       ||     8
       Potion            |       |     2 |     2 |     1 ||     5
 Stab: Sleeping          |     1 |       |       |       ||     1
Armor: Animal skin       |     4 |       |       |       ||     4
       Ring mail         |    51 |    20 |       |       ||    71
       Chain mail        |       |    71 |       |       ||    71
       Plate armour      |       |    40 |   146 |       ||   186
       Fire dragon scale |       |       |    78 |    71 ||   149
Dodge: Dodged            |    94 |   170 |   259 |    85 ||   608
Block: Buckler           |       |    26 |    67 |       ||    93
       Kite shield       |       |       |    76 |    86 ||   162
       Reflection        |       |       |       |     7 ||     7
       Rpst.: Falchion   |    25 |    53 |    10 |       ||    88
       Long sword        |       |       |    64 |     8 ||    72
       Scimitar          |       |       |       |     5 ||     5

Table legend: (Time is in decaauts)
 A = Elapsed time spent in this place.
 B = Non-inter-level travel time spent in this place.
 C = Inter-level travel time spent in this place.
 D = Time resting spent in this place.
 E = Time spent auto-exploring this place.
 F = Levels seen in this place.
 G = Mean time per level.
                   A        B        C        D        E       F      G
               +--------+--------+--------+--------+--------+-----+--------+
         Total |  11886 |  11419 |    467 |   1451 |   7731 |  11 | 1080.5 |
       Dungeon |  11304 |  10837 |    467 |   1451 |   7396 |  10 | 1130.4 |
         Sewer |    582 |    582 |      0 |      0 |    335 |   1 |  582.0 |
               +--------+--------+--------+--------+--------+-----+--------+

Top non-repeatable levels by time:
     D:7: 1823 daAuts
     D:2: 1704 daAuts
     D:1: 1394 daAuts
     D:9: 1221 daAuts
     D:6: 1098 daAuts
     D:3: 1023 daAuts
     D:4: 1010 daAuts
     D:5: 996 daAuts
     D:8: 917 daAuts
   Sewer: 582 daAuts
    D:10: 114 daAuts
